 Seeded DCSS version 0.29-a0-1043-g569b05d6ff (webtiles) character file.

Game seed: 6412630463162705414 (custom seed)

173 flotson the Sneak (level 5, 0/42 HPs)
             Began as a Demonspawn Delver on Aug 16, 2022.
             Killed from afar by a gnoll (13 damage)
             ... with a bolt of dispelling energy
             ... on level 4 of the Dungeon.
             The game lasted 00:05:58 (3405 turns).

flotson the Sneak (Demonspawn Delver)               Turns: 3405, Time: 00:05:58

Health: 0/42       AC:  7    Str: 14    XL:     5   Next: 28%
Magic:  5/5        EV: 10    Int: 11    God:
Gold:   108        SH:  5    Dex: 15    Spells: 4/4 levels left

rFire   . . .      SeeInvis .   b - +0 halberd
rCold   . . .      Faith    .   (shield currently unavailable)
rNeg    . . .      Spirit   .   v - +0 scale mail
rPois   +          Reflect  +   (no helmet)
rElec   .          Harm     .   k - +0 cloak
rCorr   +          Rampage  .   (no gloves)
Will    .....                   (no boots)
Stlth   +.........              o - amulet of reflection
HPRegen 0.14/turn               l - ring of resist corrosion
MPRegen 0.09/turn               u - ring of poison resistance

@: no status effects
A: powered by death 1, weakness stinger 2
a: no special abilities


You were on level 4 of the Dungeon.
You visited 1 branch of the dungeon, and saw 5 of its levels.

You collected 141 gold pieces.
You spent 33 gold pieces at shops.

Inventory:

Hand Weapons
 a - a +0 hand axe
 b - a +0 halberd (weapon)
Missiles
 t - 6 atropa-tipped darts (quivered)
Armour
 k - a +0 cloak (worn)
 v - a +0 scale mail (worn)
Jewellery
 l - a ring of resist corrosion (left hand)
 o - an amulet of reflection (around neck)
 u - a ring of poison resistance (right hand)
Wands
 g - a wand of digging (3)
Scrolls
 c - a scroll of fog
 d - a scroll of magic mapping
 e - 2 scrolls of enchant weapon {unknown}
 h - 3 scrolls of poison {unknown}
 m - 2 scrolls of immolation {unknown}
 n - 4 scrolls of identify
 p - a scroll of amnesia {unknown}
 s - 3 scrolls of brand weapon {unknown}
 w - a scroll of teleportation {unknown}
Potions
 f - a potion of haste
 i - a potion of degeneration {unknown}
 j - a potion of heal wounds {unknown}
 q - a potion of lignification {unknown}
 r - a potion of curing


   Skills:
 + Level 3.9 Fighting
 - Level 1.7 Axes
 + Level 1.0 Throwing
 + Level 1.9 Armour
 + Level 2.8 Dodging
 - Level 4.5 Stealth
 + Level 2.1 Evocations


You had 4 spell levels left.
You didn't know any spells.
Your spell library was empty.

Dungeon Overview and Level Annotations

Branches:
Dungeon (5/15)
 Temple: D:4-7

Altars:
Kikubaaqudgha
Makhleb
Sif Muna

Shops:
D:3 (!*?:

Annotations:
D:3 Sigmund


Innate Abilities, Weirdness & Mutations

You regenerate a little health from kills.
You have a tail ending in a sharp stinger.


Message History

You barely miss the jackal.
The jackal is almost dead.
The jackal bites you but does no damage.
The jackal closely misses you.
You hit the jackal.
You kill the jackal!
The gnoll zaps a wand.
The bolt of dispelling energy hits you!!
* * * LOW HITPOINT WARNING * * *
You are too injured to fight recklessly!
You are too injured to fight recklessly!
You are too injured to fight recklessly!
You are too injured to fight recklessly!
You are too injured to fight recklessly!
You are too injured to fight recklessly!
You are too injured to fight recklessly!
You are too injured to fight recklessly!
You are too injured to fight recklessly!
Okay, then.
Unknown command.
Unknown command.
Okay, then.
Unknown command.
Okay, then.
Unknown command.
Okay, then.
Unknown command.
Unknown command.
Press: ? - help, v - describe, . - travel, g - get item
Here: a gnoll, wielding a +0 whip and carrying a wand of quicksilver (3)
Items here: ( ) †††.
The floor, spattered with blood.
Unknown command.
Unknown command.
It was a potion of curing.
You feel better. The gnoll closely misses you.
You hit the gnoll but do no damage. The gnoll closely misses you.
You barely miss the gnoll. The gnoll barely misses you. x2
You barely miss the gnoll.
The gnoll zaps a wand.
The bolt of dispelling energy hits you!
You die...

........#.......##.#
.........#...#....<.#
.........#...#......#
.........#...#......#
.........#...+......#
.........#...#......#
.........#...#......#
.........#...##.....#
#####+......g@.....#
......†.##########..#
........# ........#
.......g# ........#
..h.....# .h......#


You could see a gnoll.

Vanquished Creatures
  A hound (D:5)
  3 gnolls
  5 adders
  2 worms
  A dart slug (D:2)
  An orc (D:3)
  4 ball pythons
  6 endoplasms
  4 giant cockroaches
  6 goblins
  6 hobgoblins
  5 jackals (D:4)
  4 kobolds
  2 quokkas (D:1)
  6 bats
  2 frilled lizards
  A rat (D:3)
59 creatures vanquished.

Vanquished Creatures (others)
  A kobold (D:4)
1 creature vanquished.

Grand Total: 60 creatures vanquished

Notes
Turn   | Place    | Note
-------+----------+-------------------------------------------
     0 | D:5      | flotson the Demonspawn Delver began the quest for the Orb.
     0 | D:5      | Reached XP level 1. HP: 18/18 MP: 1/1
     2 | D:5      | Noticed a hound
    15 | D:5      | Killed a hound
    16 | D:5      | Reached skill level 1 in Armour
    16 | D:5      | Reached skill level 1 in Evocations
    16 | D:5      | Gained mutation: You have a small tail. [demonic ancestry]
    16 | D:5      | Reached XP level 2. HP: 13/24 MP: 2/2
    16 | D:5      | Reached XP level 3. HP: 15/29 MP: 3/3
    55 | D:5      | Noticed a gnoll sergeant
    56 | D:5      | Noticed a phantom
   368 | D:3      | Found Ixtiup's Book Shop.
   374 | D:3      | Noticed Sigmund
  1498 | D:2      | Found a faded altar of an unknown god.
  1702 | D:2      | Gained mutation: You have a tail ending in a sharp stinger.
                  | [demonic ancestry]
  1702 | D:2      | Reached XP level 4. HP: 23/35 MP: 4/4
  2574 | D:3      | Found Jamatim's Assorted Antiques.
  2586 | D:3      | Found Oxkiub's Weapon Emporium.
  2723 | D:3      | Found a burning altar of Makhleb.
  2756 | D:3      | Noticed an angel
  2757 | D:3      | Noticed a balrug
  2769 | D:3      | Found Guusim's Distillery.
  2779 | D:3      | Found Tolazxow's Magic Scroll Emporium.
  2814 | D:3      | Bought a scroll of identify for 22 gold pieces
  2814 | D:3      | Bought a scroll of noise for 11 gold pieces
  2833 | D:3      | Found an ancient bone altar of Kikubaaqudgha.
  2874 | D:3      | Found a shimmering blue altar of Sif Muna.
  3031 | D:4      | Gained mutation: You regenerate a little health from kills.
                  | [demonic ancestry]
  3031 | D:4      | Reached XP level 5. HP: 37/42 MP: 5/5
  3394 | D:4      | Reached skill level 1 in Throwing
  3405 | D:4      | Killed from afar by a gnoll

Illustrated notes

Levels and vault maps discovered:
D:1:      scummos_arrival_checkerplants, layout_loops_ring
D:2:      layout_loops_ring, hellmonk_ecumenical_altar_leap_of_faith
D:3:      layout_basic, grunt_temple_overflow_order_and_chaos_2,
          mainiacjoe_overflow_24_doors, nicolae_sif_muna_condensation,
          serial_shops, shop, nicolae_shop_advertising_works
          [nicolae_subvault_shop_adworks], shop, shop,
          nicolae_shop_hallway_stairs, uniq_sigmund
D:4:      minmay_evil_eye, layout_gridville, minivault_25
D:5:      layout_basic

Skill      XL: |  1  2  3  4  5 |
---------------+----------------+-----
Armour         | 1 |  1.9
Dodging        | 2 |  2.8
Evocations     | 1 2 |  2.1
Throwing       | 1 |  1.0
Fighting       | |  3.9
Axes           | |  1.7
Stealth        | |  4.5

Action                   |  1- 3 |  4- 6 || total
-------------------------+-------+-------++-------
Melee: Hand axe          |    94 |    77 ||   171
       Tailslap          |     7 |    14 ||    21
       Punch             |     2 |     1 ||     3
       Halberd           |       |    29 ||    29
  Use: Potion            |     1 |     1 ||     2
       Scroll            |     1 |       ||     1
 Stab: Sleeping          |     6 |     4 ||    10
       Distracted        |     1 |       ||     1
Armor: Leather armour    |    24 |    20 ||    44
       Scale mail        |       |    23 ||    23
Dodge: Dodged            |    63 |    59 ||   122
Block: Other             |       |    21 ||    21

Table legend: (Time is in decaauts)
 A = Elapsed time spent in this place.
 B = Non-inter-level travel time spent in this place.
 C = Inter-level travel time spent in this place.
 D = Time resting spent in this place.
 E = Time spent auto-exploring this place.
 F = Levels seen in this place.
 G = Mean time per level.
                   A        B        C        D        E       F      G
               +--------+--------+--------+--------+--------+-----+--------+
         Total |   3439 |   3337 |    102 |    199 |   2398 |   5 |  687.8 |
       Dungeon |   3439 |   3337 |    102 |    199 |   2398 |   5 |  687.8 |
               +--------+--------+--------+--------+--------+-----+--------+

Top non-repeatable levels by time:
     D:3: 1317 daAuts
     D:2: 982 daAuts
     D:1: 937 daAuts
     D:4: 156 daAuts
     D:5: 45 daAuts
